 Dungeon Crawl Stone Soup version 0.30-a0-634-g8abc85282e (webtiles) character file.

Game seed: 11868317273601162871

91 bande the Covered (level 4, -1/29 HPs)
             Began as a Gargoyle Fighter on Jan 14, 2023.
             Slain by a gnoll
             ... wielding a +0 halberd
              (11 damage)
             ... on level 2 of the Dungeon.
             The game lasted 00:02:19 (1084 turns).

bande the Covered (Gargoyle Fighter)                Turns: 1084, Time: 00:02:19

Health: -1/29      AC: 15    Str: 20    XL:     4   Next: 59%
Magic:  4/4        EV:  7    Int:  8    God:
Gold:   37         SH:  4    Dex: 11    Spells: 3/3 levels left

rFire   . . .      SeeInvis .    a - +1 war axe (drain)
rCold   . . .      Faith    .    c - +0 buckler
rNeg    + . .      Spirit   .    m - +0 chain mail
rPois   ∞          Reflect  .    (no helmet)
rElec   +          Harm     .    (no cloak)
rCorr   .          Rampage  .    g - +1 pair of gloves
Will    .....                    (no boots) Stlth
                                 (no amulet)
HPRegen 0.24/turn                (no ring)
MPRegen 0.09/turn                (no ring)

@: no status effects
A: sickness immunity, AC +3, negative energy resistance 1, electricity
resistance, torment resistance 1, petrification resistance
a: no special abilities


You were on level 2 of the Dungeon.
You visited 1 branch of the dungeon, and saw 2 of its levels.

You collected 37 gold pieces.

Inventory:

Hand Weapons
 a - a +1 war axe of draining (weapon)
Armour
 c - a +0 buckler (worn)
 g - a +1 pair of gloves (worn)
 m - a +0 chain mail (worn)
Jewellery
 i - a ring of fire
Scrolls
 b - 3 scrolls of enchant armour {unknown}
 l - a scroll of brand weapon
Potions
 d - 2 potions of might
 e - a potion of mutation {unknown}
 f - a potion of curing {unknown}
 h - a potion of berserk rage {unknown}
 j - a potion of haste {unknown}
 k - a potion of lignification {unknown}


   Skills:
 + Level 3.7 Fighting
 + Level 3.2 Axes
 + Level 3.8 Armour
 - Level 0.1 Dodging
 - Level 0.2 Stealth
 + Level 3.6 Shields


You had 3 spell levels left.
You didn't know any spells.
Your spell library was empty.

Dungeon Overview and Level Annotations

Branches:
Dungeon (2/15)

Altars:

Shops:
D:2 (


Innate Abilities, Weirdness & Mutations

You are immune to sickness and miasma.
Your stone body is resilient. (AC +3)
You are immune to poison.
You resist negative energy. (rN+)
You are resistant to electric shocks. (rElec)
You are resistant to unholy torment.
You are immune to petrification.


Message History

The gnoll closely misses you.
You closely miss the gnoll.
The gnoll is severely wounded.
The gnoll barely misses you.
The gnoll hits you from afar with a +0 heavy spear!
The gnoll barely misses you.
You hit the gnoll.
You kill the gnoll!
The gnoll hits you but does no damage. The gnoll hits you but does no damage.
The gnoll hits you with a +0 halberd.
You see here a +0 flail.
You slash the gnoll! You drain the gnoll.
The gnoll is almost dead.
You barely miss the gnoll. The gnoll hits you with a +0 halberd.
The gnoll barely misses you. The gnoll hits you but does no damage.
You are too injured to fight recklessly!
You are too injured to fight recklessly!
You are too injured to fight recklessly!
You are too injured to fight recklessly!
You are too injured to fight recklessly!
You are too injured to fight recklessly!
You are too injured to fight recklessly!
You are too injured to fight recklessly!
You are too injured to fight recklessly!
You are too injured to fight recklessly!
You hit the gnoll.
You kill the gnoll!
You barely miss the gnoll. The gnoll hits you but does no damage.
You block the gnoll's attack.
Things that are here:
a +0 heavy spear; a gnoll corpse The gnoll closely misses you.
The gnoll hits you with a +0 halberd.
Things that are here:
a +0 heavy spear; a gnoll corpse You barely miss the gnoll.
The gnoll hits you with a +0 halberd.
You closely miss the gnoll. The gnoll hits you with a +0 halberd.
You block the gnoll's attack.
You closely miss the gnoll. The gnoll hits you with a +0 halberd!
You die...

### ... ... #### #.# #...
∩.∩ #..# ##.## ##.#
#∩_∩### #.# ##.##.### #.#
#∩@g#...###### #.#
#..##)##........####.#
#....).......##...##.#
#########.....###....#
#.<#..........
###########.###..###...
##.....##.........#.....
##.......†......#......##
#.......................#


You could see a gnoll.

Vanquished Creatures
  3 gnolls (D:2)
  An adder (D:2)
  2 dart slugs (D:1)
  6 ball pythons
  4 endoplasms (D:1)
  2 giant cockroaches
  3 goblins
  6 hobgoblins
  3 quokkas
  4 bats
  A frilled lizard (D:1)
  7 kobolds
  6 rats (D:1)
48 creatures vanquished.

Notes
Turn   | Place    | Note
-------+----------+-------------------------------------------
     0 | D:1      | bande the Gargoyle Fighter began the quest for the Orb.
     0 | D:1      | Reached XP level 1. HP: 14/14 MP: 1/1
    74 | D:1      | Reached XP level 2. HP: 18/19 MP: 2/2
   368 | D:1      | Reached XP level 3. HP: 21/23 MP: 3/3
   950 | D:2      | Found Unienaw's Weapon Shop.
  1041 | D:2      | Reached XP level 4. HP: 28/28 MP: 4/4
  1070 | D:2      | Found a faded altar of an unknown god.
  1084 | D:2      | Slain by a gnoll

Illustrated notes

Levels and vault maps discovered:
D:1:      lightli_arrival_maybe_door_vault, layout_basic, serial_glass,
          glass_columns_a, glass_columns_a, glass_columns_b, glass_columns_c,
          glass_columns_b, glass_columns_a, reono_crystal_passage,
          feat_on_display
D:2:      layout_rooms, basic_altar, serial_shops, shop_statue,
          ebering_ecumenical_altar_hall

Skill      XL: |  1  2  3  4 |
---------------+-------------+-----
Axes           | 2 3 |  3.2
Fighting       | |  3.7
Armour         | |  3.8
Dodging        | |  0.1
Stealth        | |  0.2
Shields        | |  3.6

Action                   |  1- 3 |  4- 6 || total
-------------------------+-------+-------++-------
Melee: War axe           |    82 |    18 ||   100
  Use: Scroll            |     4 |       ||     4
Armor: Scale mail        |    35 |       ||    35
       Chain mail        |     7 |    12 ||    19
Dodge: Dodged            |    46 |     8 ||    54
Block: Buckler           |    20 |     4 ||    24

Table legend: (Time is in decaauts)
 A = Elapsed time spent in this place.
 B = Non-inter-level travel time spent in this place.
 C = Inter-level travel time spent in this place.
 D = Time resting spent in this place.
 E = Time spent auto-exploring this place.
 F = Levels seen in this place.
 G = Mean time per level.
                   A        B        C        D        E       F      G
               +--------+--------+--------+--------+--------+-----+--------+
         Total |   1124 |   1124 |      0 |      0 |    820 |   2 |  562.0 |
       Dungeon |   1124 |   1124 |      0 |      0 |    820 |   2 |  562.0 |
               +--------+--------+--------+--------+--------+-----+--------+

Top non-repeatable levels by time:
     D:1: 960 daAuts
     D:2: 164 daAuts
